 Dungeon Sprint DCSS version 0.22.1-1-ga44c0e56f4 (webtiles) character file.

46 KleinerIrrer the Insei (level 3, 26/26 HPs)
             Began as an Octopode Monk on Nov 2, 2018.
             Got out of the dungeon alive.
             The game lasted 00:01:00 (389 turns).

KleinerIrrer the Insei (Octopode Monk)               Turns: 389, Time: 00:01:00

Health: 26/26      AC:  1    Str: 10    XL:     3   Next: 66%
Magic:  3/3        EV: 14    Int: 12    God:
Gold:   26         SH:  0    Dex: 15    Spells: 2/2 levels left

rFire    . . .     SeeInvis .     - Unarmed
rCold    . . .     Gourm    .   (no shield)
rNeg     . . .     Faith    .   (helmet restricted)
rPois    .         Spirit   .   (no amulet)
rElec    .         Reflect  .   (no ring)
rCorr    .         Harm     .   (no ring)
MR       .....     NoTele   +   (no ring)
Stlth    ++++......             (no ring)
HPRegen  0.08/turn              (no ring)
MPRegen  0.08/turn              (no ring)
                                (no ring)
                                (no ring)

@: no status effects
A: almost no armour, stealthy swim, amphibious, 8 rings, constrict 8, antennae
1, camouflage 2, blurry vision 1, deterioration 1, inhibited regeneration,
gelatinous body 1
a: no special abilities


You escaped.
You were not hungry.

You visited 1 branch You collected 26 gold pieces.

Inventory:

Scrolls
 g - a scroll of blinking
 j - a scroll of holy word {unknown}
 l - a scroll of magic mapping {unknown}
 o - a scroll of immolation
 p - 2 scrolls of remove curse
Potions
 b - a potion of curing
 c - a potion of heal wounds
 d - a potion of haste
 e - 2 potions of magic
 f - 2 potions of berserk rage
 m - a potion of brilliance {unknown}
 n - 2 potions of flight
 q - a potion of lignification
Comestibles
 a - 3 rations
 h - 4 chunks of flesh


   Skills:
 - Level 3.0 Fighting
 - Level 3.0 Dodging
 - Level 2.6 Stealth
 + Level 7.5 Unarmed Combat


You had 2 spell levels left.
You didn't know any spells.
Your spell library was empty.

Dungeon Overview and Level Annotations

Branches:
Dungeon (1/1)

Altars:


Innate Abilities, Weirdness & Mutations

You cannot wear most types of armour.
You are very stealthy in the water. (Stealth+)
You are amphibious.
You can wear up to eight rings at the same time.
You can use your tentacles to constrict eight enemies at once.
Your skin blends seamlessly with your surroundings (Stealth++).
Your rubbery body absorbs attacks. (AC +1, EV +1)
You have a pair of small antennae on your head.
Scrolls take you a little longer to read.
Your body sometimes deteriorates upon taking damage.
You do not regenerate when monsters are visible.


Message History

i - 3 potions of mutation
As you read the scroll of identify, it crumbles to dust.
q - a potion of lignification You feel extremely strange.
You feel stupid.
Slimy green scales grow over part of your body.
You feel extremely strange.
You feel clever.
Your slimy green scales disappear.
One of your lower tentacles grows a sharp spike.
Your regeneration stops near monsters.
Your vision blurs.
Your natural camouflage becomes more effective.
You feel extremely strange.
Your tentacle spike disappears.
You feel yourself wasting away. A pair of antennae grows on your head!
Okay, then.
There is an open door here.
You see here a human skeleton.
There is a staircase leading out of the dungeon here.
Are you sure you want to leave the Dungeon?
This will make you lose the game!
You have escaped!

▓▓▓▓▓▓▓▓▓ ▓
▓@..#(..#### #.
▓...#......#####..
▓..##.......#..#..
▓##.##.##...#..#..
##.##.###..##'#..
▓#.####.##..###...
▓.###..##..####...
▓#.....##..###÷...
###..##...##.....


There were no monsters in sight!

Vanquished Creatures
  Crazy Yiuf (D)
  A human (D)
  4 rats (D)
6 creatures vanquished.

Vanquished Creatures (others)
  2 draconian scorchers (D)
  2 yaktaurs (D)
  6 hellions (D)
10 creatures vanquished.

Grand Total: 16 creatures vanquished

Notes
Turn   | Place    | Note
-------+----------+-------------------------------------------
     0 | D        | KleinerIrrer the Octopode Monk began the quest for the Orb.
     0 | D        | Reached XP level 1. HP: 16/16 MP: 1/1
    14 | D        | Killed a yaktaur
    33 | D        | Reached skill level 4 in Unarmed Combat
    39 | D        | Noticed Crazy Yiuf
    48 | D        | Reached skill level 6 in Unarmed Combat
    48 | D        | Reached XP level 2. HP: 1/21 MP: 2/2
    90 | D        | Killed a hellion
    91 | D        | Killed a hellion
    92 | D        | Killed a hellion
    92 | D        | Killed a hellion
    99 | D        | Killed a hellion
   158 | D        | Killed a hellion
   171 | D        | Killed a yaktaur
   214 | D        | Killed a white draconian scorcher
   224 | D        | Killed a white draconian scorcher
   330 | D        | Killed Crazy Yiuf
   330 | D        | Reached skill level 7 in Unarmed Combat
   330 | D        | Reached XP level 3. HP: 26/26 MP: 3/3
   353 | D        | Gained mutation: You are dopey. (Int -2) [potion of
                  | mutation]
   353 | D        | Gained mutation: You are partially covered in slimy green
                  | scales. (AC +2) [potion of mutation]
   354 | D        | Lost mutation: You are dopey. (Int -2) [potion of mutation]
   354 | D        | Lost mutation: You are partially covered in slimy green
                  | scales. (AC +2) [potion of mutation]
   354 | D        | Gained mutation: One of your tentacles bears a spike.
                  | [potion of mutation]
   354 | D        | Gained mutation: You do not regenerate when monsters are
                  | visible. [potion of mutation]
   354 | D        | Gained mutation: Scrolls take you a little longer to read.
                  | [potion of mutation]
   354 | D        | Gained mutation: Your skin blends seamlessly with your
                  | surroundings (Stealth++). [potion of mutation]
   355 | D        | Lost mutation: One of your tentacles bears a spike. [potion
                  | of mutation]
   355 | D        | Gained mutation: Your body sometimes deteriorates upon
                  | taking damage. [potion of mutation]
   355 | D        | Gained mutation: You have a pair of small antennae on your
                  | head. [potion of mutation]
   389 | D        | Got out of the dungeon alive.

Skill      XL: |  1  2 |
---------------+-------+-----
Unarmed Combat | 6 7 |  7.5
Fighting       | |  3.0
Dodging        | |  3.0
Stealth        | |  2.6

Action                   || total
-------------------------++-------
Melee: Unarmed           ||    17
       Tentacles         ||     5
       Constrict         ||     4
  Use: Scroll            ||     3
       Potion            ||     3
 Stab: Sleeping          ||     4
Dodge: Dodged            ||     7
